AoeStats
← tmoneymcgetbunz

Four Lakes

507779157Analyzed
1v1 RM · 13d ago on Sep 19, 2026· 36m 10s· 2 players
Game mode
Random Map
Map size
Tiny (2 player)
Population
200
Speed
Normal
Resources
Standard
Victory
Conquest
Starting age
Dark Age
Ending age
Imperial Age
RankedLock teamsTeams togetherTeam positionsShared explorationLock speedFull tech treeHidden civsTurbo modeCheats
Victory
Defeat
🇮🇹 Wei · Italy
1105
+15
🇺🇸 Japanese · United States
1090
-15
tmoneymcgetbunz
12:11 Feudal Age
10:31 Loom
12:17 Feudal Age
14:20 Double-Bit Axe
14:47 Man-at-Arms
15:13 Arson
19:06 Castle Age
17:58 Fletching
19:06 Padded Archer Armor
19:47 Bodkin Arrow
21:16 Bow Saw
23:33 Thumb Ring
23:34 Gold Mining
25:49 Fishing Lines
26:10 Horse Collar
28:49 Ballistics
31:29 Wheelbarrow
31:11 Elite Skirmisher
32:08 Leather Archer Armor
Elficovich
8:53 Loom
11:05 Feudal Age
13:38 Double-Bit Axe
16:09 Castle Age
15:25 Fletching
16:13 Padded Archer Armor
17:00 Gold Mining
20:52 Bodkin Arrow
22:31 Thumb Ring
23:04 Ballistics
23:10 Leather Archer Armor
25:58 Bow Saw
26:31 Bloodlines
26:22 Husbandry
32:03 Wheelbarrow
31:14 Town Watch
36:04 Imperial Age
34:55 Scale Barding Armor
35:59 Hand Cart
35:45 Town Patrol
Connection lost

Rejoining the realm…

Still unreachable

The connection could not be restored.

Session expired

The server has moved on; the page needs a fresh start.